 Dungeon Crawl Stone Soup version 0.24-a0-520-g8fd06ad0bc (webtiles) character file.

Game seed: 8344587258943656956

137382 Peloso the Peltast (level 16, -6/149 HPs)
             Began as a Minotaur Fighter on July 24, 2019.
             Was the Champion of Okawaru.
             Killed from afar by a thorn hunter (32 damage)
             ... with a volley of thorns
             ... on level 3 of the Swamp.
             The game lasted 01:29:14 (27981 turns).

Peloso the Peltast (Minotaur Fighter)              Turns: 27981, Time: 01:29:14

Health: -6/149     AC: 42    Str: 26    XL:     16   Next: 68%
Magic:  15/15      EV:  5    Int:  5    God:    Okawaru [******]
Gold:   2338       SH: 25    Dex: 12    Spells: 15/15 levels left

rFire    + + .     SeeInvis .   b - +3 scimitar (flame)
rCold    + + .     Gourm    .   n - +2 large shield {rF+}
rNeg     . . .     Faith    +   u - +9 scales of the Dragon King {rPois rF+ rC+ MR+}
rPois    +         Spirit   .   (helmet restricted)
rElec    .         Reflect  .   C - +1 cloak {MR+}
rCorr    .         Harm     .   O - +2 pair of gloves of the Endless Expanse {+Inv Slay+2}
MR       +++..                  (no boots)
Stlth    ..........             q - amulet of faith
HPRegen  0.34/turn              v - ring of protection from cold
MPRegen  0.14/turn              p - ring of Robustness {AC+8}

@: grasped by roots, constricted, very slow
A: retaliatory headbutt, horns 2
a: Heroism, Finesse, Renounce Religion, Evoke Invisibility


You were on level 3 of the Swamp.
You worshipped Okawaru.
Okawaru was exalted by your worship.
You were not hungry.

You visited 4 branches of the dungeon, and saw 26 of its levels.
You also visited: Bailey and Ice Cave.

You collected 2686 gold pieces.
You spent 348 gold pieces at shops.

Inventory:

Hand Weapons
 a - a +5 demon blade of freezing
 b - a +3 scimitar of flaming (weapon)
 c - the +8 long sword of the Middle {holy, rC+ MP+9}
   (Okawaru gifted it to you on level 3 of the Lair of Beasts)

   It has been blessed by the Shining One to cause great damage to the undead
   and demons.
   It protects you from cold.
   It affects your magic capacity (+9).
Armour
 n - a +2 large shield of fire resistance (worn)
 u - the +9 scales of the Dragon King (worn) {rPois rF+ rC+ MR+}
   (You found it on level 1 of the Swamp)

   It protects you from fire.
   It protects you from cold.
   It protects you from poison.
   It affects your resistance to hostile enchantments.
 x - a +1 cloak of magic resistance
 C - a +1 cloak of magic resistance (worn)
 O - the +2 pair of gloves of the Endless Expanse (worn) {+Inv Slay+2}
   (Okawaru gifted it to you on level 12 of the Dungeon)

   It affects your accuracy and damage with ranged weapons and melee attacks
   (+2).
   It lets you turn invisible.
Jewellery
 p - the ring of Robustness (right hand) {AC+8}
   (You found it on level 6 of the Lair of Beasts)

   [ring of protection]

   It affects your AC (+8).
 q - an amulet of faith (around neck)
 v - a ring of protection from cold (left hand)
 L - an uncursed ring of resist corrosion
Wands
 h - a wand of enslavement (5)
 l - a wand of iceblast (14)
 K - a wand of flame (17)
Scrolls
 e - 7 scrolls of teleportation
 m - 2 scrolls of enchant weapon
 o - a scroll of fear
 r - a scroll of blinking
 s - 2 scrolls of noise
 t - 12 scrolls of identify
 y - 12 scrolls of remove curse
 B - 3 scrolls of magic mapping
Potions
 d - 5 potions of might
 g - 4 potions of haste
 i - 6 potions of agility
 j - a potion of flight
 k - 2 potions of heal wounds
 z - 5 potions of curing
 D - a potion of cancellation
 H - a potion of mutation
 J - 2 potions of berserk rage
 M - a potion of invisibility
Miscellaneous
 A - a fan of gales
 I - a lamp of fire
Comestibles
 f - 39 rations


   Skills:
 + Level 15.6 Fighting
 + Level 17.9 Long Blades
 + Level 12.7 Armour
 + Level 9.3 Dodging
 + Level 1.5 Stealth
 + Level 20.3 Shields
 + Level 0.1 Unarmed Combat
 + Level 1.0 Invocations
 + Level 0.3 Evocations


You had 15 spell levels left.
You didn't know any spells.
Your spell library contained the following spells:

 Spells                   Type           Power        Failure   Level  Hunger
 Animate Skeleton         Necr           N/A          100%        1    ##.....
 Pain                     Necr           #...         100%        1    ##.....
 Poisonous Vapours        Pois/Air       #.....       100%        2    ###....
 Conjure Flame            Conj/Fire      #.......     100%        3    ####...
 Mephitic Cloud           Conj/Pois/Air  #.......     100%        3    ####...
 Regeneration             Chrm/Necr      #.........   100%        3    ####...
 Vampiric Draining        Necr           #.........   100%        3    ####...
 Animate Dead             Necr           N/A          100%        4    #####..
 Bolt of Magma            Conj/Fire/Erth #.........   100%        5    ######.
 Iskenderun's Battlesphe  Conj/Chrm      #.......     100%        5    ######.
 Venom Bolt               Conj/Pois      #.........   100%        5    ######.
 Freezing Cloud           Conj/Ice/Air   #.........   100%        6    #######
 Iron Shot                Conj/Erth      #.........   100%        6    #######
 Orb of Destruction       Conj           #.........   100%        7    #######
 Ring of Flames           Chrm/Fire      #.........   100%        7    #######
 Spellforged Servitor     Conj/Summ      #.........   100%        7    #######


Dungeon Overview and Level Annotations

Branches:
Dungeon (15/15)            Temple (0/1) D:7            Lair (6/6) D:8
  Swamp (3/4) Lair:4       Spider (0/4) Lair:3        Slime (0/5) Lair:5
    Orc (2/2) D:12            Elf (0/3) Orc:2        Vaults (0/5) D:14
 Depths (0/5) D:15

Altars:
Elyvilon
Fedhas
Kikubaaqudgha
Okawaru
Uskayaw
Vehumet
Wu Jian
Xom
Yredelemnul
Jiyva

Shops:
D:13 [   D:14 !%[[   Orc:2 *:?*


Innate Abilities, Weirdness & Mutations

You reflexively headbutt those who attack you in melee.
You have a pair of horns on your head.


Message History

You block the thorn hunter's attack.
You hit the thorn hunter but do no damage.
The thorn hunter is lightly damaged.
The briar patch crumbles away.
You block the spriggan rider's attack. You block the spiny frog's attack.
The alligator bites you.
* * * LOW HITPOINT WARNING * * *
You block the alligator's attack. The thorn hunter hits you.
* * * LOW HITPOINT WARNING * * *
The thorn hunter hits you!
* * * LOW HITPOINT WARNING * * *
You hit the thorn hunter. You burn the thorn hunter.
You headbutt the thorn hunter!!
The thorn hunter is heavily damaged.
The shambling mangrove hits you but does no damage.
The grasping roots constrict you. You block the spiny frog's attack.
The alligator bites you but does no damage.
The alligator barely misses you.
The thorn hunter fires a volley of thorns at you.
The volley of thorns hits you!!
You die...

♣>♣≈≈≈.≈)≈≈....♣ ♣≈≈.
♣....≈≈.≈..♣♣≈♣ ≈≈≈.
♣.♣.≈≈≈≈...♣
....≈♣.......≈..♣.
≈≈.≈≈♣≈≈..≈.♣≈≈≈...≈
≈.≈≈≈....≈≈$≈≈≈.♣.♣..
♣≈≈≈≈i.≈≈..≈≈≈≈.§...
≈≈≈≈≈PftF≈≈.≈≈.....##
≈.P≈≈.≈@.♣≈.≈§..♣.##
≈.♣P≈.fP♣♣.≈≈≈≈≈≈...
≈.≈≈≈.♣♣♣♣....≈≈.♣≈.
..≈≈♣≈ ♣.≈≈...≈. ≈≈≈
. ♣♣.≈....♣ ≈≈ ≈.
.≈.♣.≈ ≈ .. ≈.≈


You could see a thorn hunter, a shambling mangrove, an alligator, a spriggan
rider and a spiny frog.

Vanquished Creatures
  Jorgrun (Orc:2)
  Donald (Orc:1)
  An orc warlord (Orc:2)
  A reaper (IceCv)
  Nessos (D:14)
  An ogre mage (D:15)
  Erica (D:10)
  13 hydras
  3 shambling mangroves
  5 centaur warriors
  A catoblepas (D:14)
  6 alligators
  An anaconda (shapeshifter) (D:15)
  3 tengu warriors
  16 death yaks
  9 two-headed ogres
  Sonja (D:11)
  Urug (Lair:4)
  A spriggan druid (Swamp:3)
  2 swamp dragons
  6 orc knights
  A deep elf mage (D:10)
  7 ugly things
  A harpy (shapeshifter) (D:15)
  2 manticores (D:15)
  A salamander (D:15)
  2 orc sorcerers
  4 cyclopes
  A salamander (shapeshifter) (D:14)
  8 elephants (Lair:6)
  2 ice statues (IceCv)
  Maurice (D:12)
  A black mamba (Lair:6)
  3 centaur zombies
  29 spiny frogs
  2 torpor snails
  7 komodo dragons
  6 ice devils (IceCv)
  A rime drake (Lair:6)
  2 tengu conjurers
  2 polar bears (Lair:4)
  A queen bee (D:11)
  6 trolls
  10 tyrant leeches
  A merfolk (D:10)
  4 jumping spiders (Lair:3)
  11 dream sheep
  4 bog bodies
  9 slime creatures
  13 hornets
  7 hippogriffs
  30 blink frogs
  A shadow (D:12)
  A centaur simulacrum (D:14)
  4 spriggans
  4 redbacks (Lair:3)
  6 wyverns
  2 vampires
  5 basilisks
  16 humans
  57 yaks
  A steam dragon (D:12)
  14 vampire mosquitoes
  5 wargs
  A hungry ghost (D:8)
  20 swamp worms
  3 acid dragons
  11 water moccasins
  14 porcupines
  7 swamp drakes
  3 ice beasts
  7 sky beasts
  2 necrophages (D:10)
  6 black bears
  An eye of draining (D:13)
  45 orc warriors
  17 ogres
  4 boggarts (Lair:4)
  21 wolves
  5 phantoms
  28 centaurs
  16 crocodiles
  6 big kobolds
  31 bullfrogs
  6 scorpions
  12 wights
  19 killer bees
  2 electric eels
  6 howler monkeys
  11 crimson imps
  2 bullfrog zombies
  11 orc priests
  5 hounds
  2 quasits
  4 gnoll shamans (D:4)
  15 orc wizards
  A bullfrog skeleton (D:12)
  4 centaur skeletons
  Jessica (D:2)
  5 iguanas
  8 worker ants
  2 hound zombies
  A hound skeleton (D:5)
  2 worker ant zombies
  A howler monkey zombie (D:10)
  32 gnolls
  A howler monkey skeleton (D:6)
  7 adders
  6 shadow imps
  7 white imps (IceCv)
  9 ufetubi (IceCv)
  3 oozes
  3 adder skeletons
  3 dart slugs
  3 worms
  3 leopard geckos
  79 orcs
  A ball python (D:7)
  7 giant cockroaches
  12 goblins
  19 hobgoblins
  29 jackals
  33 kobolds
  8 quokkas
  8 bats
  7 frilled lizards
  A jackal skeleton (D:4)
  2 jackal zombies (D:5)
  A leopard gecko skeleton (D:4)
  A quokka zombie (D:5)
  5 rats
  3 briar patches (Swamp:3)
  A fungus (Lair:1)
  4 plants
1036 creatures vanquished.

Vanquished Creatures (others)
  A gnoll shaman (Orc:1)
  An orc wizard (D:8)
  2 gnolls (Orc:1)
  4 white imps (IceCv)
  2 ufetubi (IceCv)
  A briar patch (Swamp:3)
  20 fungi
  62 plants
93 creatures vanquished.

Grand Total: 1129 creatures vanquished

Notes
Turn   | Place    | Note
-------+----------+-------------------------------------------
     0 | D:1      | Peloso the Minotaur Fighter began the quest for the Orb.
     0 | D:1      | Reached XP level 1. HP: 19/19 MP: 0/0
    54 | D:1      | Reached skill level 4 in Shields
    56 | D:1      | Reached XP level 2. HP: 15/27 MP: 1/1
   227 | D:1      | You fall into a shaft and drop 1 floor!
   429 | D:1      | Reached XP level 3. HP: 33/33 MP: 2/2
   765 | D:2      | Found a radiant altar of Vehumet.
   765 | D:2      | Noticed Jessica
   773 | D:2      | Killed Jessica
   830 | D:2      | Reached XP level 4. HP: 39/40 MP: 3/3
  1265 | D:2      | You fall into a shaft and drop 1 floor!
  1494 | D:2      | Found a white marble altar of Elyvilon.
  1664 | D:3      | Found an iron altar of Okawaru.
  1678 | D:3      | Became a worshipper of Warmaster Okawaru
  1726 | D:3      | Found a faded altar of an unknown god.
  1757 | D:3      | Reached XP level 5. HP: 40/47 MP: 4/4
  1835 | D:3      | Reached skill level 5 in Shields
  1988 | D:3      | You fall into a shaft and drop 2 floors!
  1988 | D:5      | Entered Level 5 of the Dungeon
  2002 | D:5      | Reached skill level 5 in Armour
  2206 | D:4      | Noticed a phantom
  2238 | D:4      | Killed a phantom
  2238 | D:4      | Reached * piety under Okawaru
  2238 | D:4      | Reached XP level 6. HP: 46/53 MP: 5/5
  2278 | D:4      | Reached skill level 1 in Dodging
  2293 | D:4      | Reached skill level 5 in Long Blades
  2346 | D:4      | Reached skill level 5 in Fighting
  2599 | D:5      | Reached XP level 7. HP: 55/61 MP: 6/6
  2697 | D:5      | Reached skill level 6 in Shields
  3285 | D:6      | Reached ** piety under Okawaru
  3373 | D:6      | Got a brightly glowing ring mail
  3613 | D:6      | Reached skill level 7 in Shields
  3642 | D:6      | Found a shimmering altar of Xom.
  3702 | D:6      | Reached XP level 8. HP: 68/68 MP: 7/7
  4213 | D:6      | Reached *** piety under Okawaru
  4533 | D:7      | Found a staircase to the Ecumenical Temple.
  4573 | D:7      | Reached skill level 8 in Shields
  4668 | D:7      | Found a blossoming altar of Fedhas.
  4841 | D:7      | Found a basalt altar of Yredelemnul.
  4841 | D:7      | Found a hide-covered altar of Uskayaw.
  4955 | D:7      | Found an ornate altar of the Wu Jian Council.
  4966 | D:7      | Identified the +7 ring mail of Becomin {rF+++ MR- Str+2
                  | SInv} (You found it on level 6 of the Dungeon)
  5260 | D:4      | Reached XP level 9. HP: 42/75 MP: 5/8
  5396 | D:4      | Reached **** piety under Okawaru
  6185 | D:4      | Found a blossoming altar of Fedhas.
  6188 | D:4      | Found an ancient bone altar of Kikubaaqudgha.
  6350 | D:8      | Reached skill level 9 in Shields
  6356 | D:8      | Received a gift from Okawaru
  6376 | D:8      | Found a staircase to the Lair.
  6740 | D:8      | Reached skill level 10 in Long Blades
  6922 | D:8      | Reached skill level 10 in Shields
  6922 | D:8      | Reached XP level 10. HP: 49/86 MP: 9/9
  7011 | D:8      | Reached ***** piety under Okawaru
  7365 | D:8      | Found a hide-covered altar of Uskayaw.
  7365 | D:8      | Noticed a two-headed ogre
  7374 | D:8      | Killed a two-headed ogre
  7374 | D:8      | Received a gift from Okawaru
  7375 | D:8      | Found the +27 Lear's hauberk
  7738 | D:9      | Reached skill level 5 in Dodging
  7911 | D:9      | Noticed a two-headed ogre
  7923 | D:9      | Killed a two-headed ogre
  7923 | D:9      | Reached skill level 11 in Shields
  8561 | D:10     | Entered Level 10 of the Dungeon
  8578 | D:10     | Reached XP level 11. HP: 94/94 MP: 10/10
  8989 | D:10     | Noticed a deep elf mage
  9001 | D:10     | Killed a deep elf mage
  9095 | D:10     | Received a gift from Okawaru
  9123 | D:10     | Received a gift from Okawaru
  9177 | D:10     | Noticed a two-headed ogre
  9186 | D:10     | Killed a two-headed ogre
  9228 | D:10     | Noticed Erica
  9241 | D:10     | Killed Erica
  9510 | Lair:1   | Entered Level 1 of the Lair of Beasts
  9525 | Lair:1   | Noticed an eight-headed hydra
  9534 | Lair:1   | Killed a two-headed hydra
  9850 | Lair:1   | Reached skill level 12 in Shields
  9855 | Lair:1   | Received a gift from Okawaru
  9857 | Lair:1   | Reached ****** piety under Okawaru
  9940 | Lair:1   | Reached XP level 12. HP: 62/104 MP: 11/11
 10517 | Lair:1   | Reached skill level 10 in Fighting
 11036 | Lair:2   | Reached skill level 1 in Stealth
 11336 | Lair:2   | Received a gift from Okawaru
 11336 | Lair:2   | Reached skill level 13 in Shields
 11683 | Lair:3   | Noticed a five-headed hydra
 11689 | Lair:3   | Killed a three-headed hydra
 11710 | Lair:3   | Reached skill level 15 in Long Blades
 11751 | Lair:3   | Reached skill level 10 in Armour
 12011 | Lair:3   | Noticed a death yak
 12026 | Lair:3   | Killed a death yak
 12026 | Lair:3   | Reached XP level 13. HP: 115/115 MP: 12/12
 12114 | Lair:3   | Received a gift from Okawaru
 12119 | Lair:3   | Reached skill level 14 in Shields
 12199 | Lair:3   | Found a hole to the Spider Nest.
 12223 | Lair:3   | Received a gift from Okawaru
 12234 | Lair:3   | Got a jewelled long sword {god gift}
 12242 | Lair:3   | Identified the +8 long sword of the Middle {holy, rC+ MP+9}
                  | (Okawaru gifted it to you on level 3 of the Lair of Beasts)
 12840 | Lair:4   | Found a frozen archway.
 12849 | IceCv    | Entered an ice cave
 13356 | IceCv    | Noticed a reaper
 13372 | IceCv    | Killed a reaper
 13697 | Lair:4   | Received a gift from Okawaru
 13713 | Lair:4   | Found a staircase to the Swamp.
 14040 | Lair:4   | Noticed Urug
 14048 | Lair:4   | Killed Urug
 14048 | Lair:4   | Reached skill level 15 in Shields
 14656 | D:11     | Noticed Sonja
 14796 | D:11     | Reached XP level 14. HP: 59/127 MP: 13/13
 15359 | D:11     | Killed Sonja
 15641 | D:12     | Received a gift from Okawaru
 15655 | D:12     | Got a pair of polished gloves {god gift}
 15823 | D:12     | Found a staircase to the Orcish Mines.
 16238 | D:13     | Found Diytatia's Armour Boutique.
 16297 | D:13     | Found a flagged portal.
 16317 | Bailey   | Entered a bailey
 16843 | Bailey   | Identified the +2 pair of gloves of the Endless Expanse
                  | {+Inv Slay+2} (Okawaru gifted it to you on level 12 of the
                  | Dungeon)
 17098 | D:13     | Reached skill level 16 in Shields
 17755 | D:13     | Got a brightly glowing hand crossbow
 17756 | D:13     | Identified the +6 hand crossbow "Ewurerph" {flame, rC+
                  | MR++} (You found it on level 13 of the Dungeon)
 17811 | Orc:1    | Entered Level 1 of the Orcish Mines
 17819 | Orc:1    | Noticed Maurice
 18032 | D:12     | Killed Maurice
 18618 | Orc:2    | Entered Level 2 of the Orcish Mines
 18623 | Orc:2    | Received a gift from Okawaru
 18626 | Orc:2    | Got a dazzling eveningstar {god gift}
 18750 | Orc:2    | Noticed Donald
 18776 | Orc:1    | Killed Donald
 18956 | Orc:2    | Found Atsior's Book Shoppe.
 18956 | Orc:2    | Found Kiedgh's Magic Scroll Boutique.
 18958 | Orc:2    | Found Ulaod's General Store.
 18960 | Orc:2    | Found Udill's General Store.
 18966 | Orc:2    | Bought a scroll of identify for 28 gold pieces
 18966 | Orc:2    | Bought a scroll of identify for 28 gold pieces
 18969 | Orc:2    | Bought a scroll of noise for 16 gold pieces
 18969 | Orc:2    | Bought a scroll of enchant armour for 120 gold pieces
 18997 | Orc:2    | Found a staircase to the Elven Halls.
 19101 | Orc:2    | Reached skill level 1 in Invocations
 19130 | Orc:2    | Noticed Jorgrun
 19153 | Orc:2    | Killed Jorgrun
 19153 | Orc:2    | Received a gift from Okawaru
 19170 | Orc:2    | Reached skill level 17 in Shields
 19484 | Orc:2    | Noticed an orc warlord
 19530 | Orc:2    | Killed an orc warlord
 19948 | Lair:1   | Identified the +1 eveningstar "Oligry" {venom, rPois rC+
                  | rN+} (Okawaru gifted it to you on level 2 of the Orcish
                  | Mines)
 20232 | Lair:5   | Reached XP level 15. HP: 137/137 MP: 14/14
 20236 | Lair:5   | Found a viscous altar of Jiyva.
 20244 | Lair:5   | Found a staircase to the Slime Pits.
 20464 | Lair:5   | Received a gift from Okawaru
 20779 | Lair:6   | Entered Level 6 of the Lair of Beasts
 21208 | Lair:6   | Received a gift from Okawaru
 21217 | Lair:6   | Got a faintly glowing chain mail {god gift}
 21230 | Lair:6   | Identified the +7 chain mail "Ufal" {*Drain rPois rC+++
                  | Stlth-} (Okawaru gifted it to you on level 6 of the Lair of
                  | Beasts)
 21406 | Lair:6   | Reached skill level 18 in Shields
 21720 | Lair:6   | Found the ring of Robustness {AC+8}
 22684 | D:14     | Found Rawk's Distillery.
 22959 | D:14     | Noticed Nessos
 22977 | D:14     | Killed Nessos
 22977 | D:14     | Received a gift from Okawaru
 22994 | D:14     | Bought a potion of might for 52 gold pieces
 22994 | D:14     | Bought a potion of mutation for 104 gold pieces
 23152 | D:14     | Found Uvvanack's Food Shop.
 23253 | D:14     | Found Jeicemi's Antique Armour Boutique.
 23362 | D:14     | Found Vuthrups's Antique Armour Boutique.
 23414 | D:14     | Found a gate to the Vaults.
 23542 | D:14     | Reached skill level 15 in Fighting
 23717 | D:15     | Entered Level 15 of the Dungeon
 23746 | D:15     | Reached skill level 19 in Shields
 23883 | D:15     | Reached XP level 16. HP: 125/149 MP: 15/15
 24176 | D:15     | Received a gift from Okawaru
 24447 | D:15     | Found a staircase to the Depths.
 25156 | Swamp:1  | Entered Level 1 of the Swamp
 25220 | Swamp:1  | Received a gift from Okawaru
 25804 | Swamp:1  | Found the +9 scales of the Dragon King {rPois rF+ rC+ MR+}
 26112 | Swamp:1  | Reached skill level 20 in Shields
 27963 | Swamp:3  | Noticed a thorn hunter
 27981 | Swamp:3  | Killed from afar by a thorn hunter

Levels and vault maps discovered:
D:1:      minmay_arrival_glassed_features, layout_loops_ring
D:2:      layout_basic, lemuel_crystal_altar, elyvilon_altar_3, uniq_jessica
D:3:      layout_rooms, lemuel_round_altar, chequers_ecumenical_altar_island
D:4:      lemuel_castle_with_subvaults [lemuel_castle_interior_carwin_2],
          layout_basic, grunt_temple_overflow_growth_and_decay,
          grunt_ministairs_10, hex_intersection
D:5:      layout_loops_ring, first_ration
D:6:      layout_basic, kennysheep_mini_moat, nrook_mini_vaults
D:7:      layout_rooms, kennysheep_mini, gammafunk_temple_overflow_statue,
          minmay_temple_entry_antechambers, fedhas_altar_fruit_tree
D:8:      layout_loops_corners, due_lair_maze_entry_diamond, basic_altar
D:9:      layout_basic
D:10:     layout_small_grid, hangedman_stone_soup, grunt_decor_clamped,
          uniq_erica
D:11:     layout_cave_pools, nicolae_looking_at_the_future, uniq_sonja
D:12:     layout_grid_maze, orc_0_dummy
D:13:     layout_loops_ring, enter_bailey_7, serial_shops, shop
D:14:     layout_irregular_city, david_vaults_3, serial_shops, shop_coins, shop,
          shop_fountains, shop, serial_glass, glass_columns_b, glass_columns_c,
          glass_columns_a, glass_columns_a, glass_columns_a, glass_columns_c,
          glass_columns_c, glass_columns_b, minivault_4
D:15:     hangedman_depths_entry_try_elsewhere_first, layout_irregular_city,
          minmay_misc_feat_more_columns, grunt_ministairs_4
Lair:1:   layout_long_grid, serial_bayou_shore_a
Lair:2:   layout_chaotic_city, grunt_megastairs_2, infiniplex_staircase_pool_2
Lair:3:   layout_chaotic_city, nicolae_spider_entry_tight_spaces, serial_forest,
          infiniplex_forest_clump_small, infiniplex_forest_end_2,
          infiniplex_forest_clump_double, infiniplex_forest_clump_double,
          infiniplex_forest_lined_4_way, infiniplex_forest_clump_diagonal,
          minivault_23
Lair:4:   layout_cave_pods, palyth_hydra_swamp_entry,
          portal_ice_cave_entry_pillars_2, kilobyte_rumbling_trees, uniq_urug
Lair:5:   layout_roguey, slime_altar_1, wad_woods_river_03
Lair:6:   minmay_lair_end_frog_pond, layout_regular_city
Swamp:1:  layout_basic_swamp, nicolae_swamp_round_clearing, swamp_pool5,
          nicolae_swamp_hydra_murder_den
Swamp:2:  layout_basic_swamp, evilmike_swamp_ruin_house_1, swamp_pool3,
          hangedman_swamp_wriggling, infiniplex_staircase_pool
Swamp:3:  layout_falls_marsh, serial_swamp_ruin, hangedman_swamp_ruin_wall,
          evilmike_swamp_ruin_house_4
Orc:1:    layout_caves, uniq_maurice
Orc:2:    st_orc_rangers, layout_caves, uniq_jorgrun, uniq_donald

Skill      XL: |  1  2  3  4  5  6  7  8  9 10 11 12 13 14 15 16 |
---------------+-------------------------------------------------+-----
Shields        | 4 5 7 8 10 11 12 13 15 17 19 20 | 20.3
Fighting       | 4 5 6 7 8 9 11 12 13 15 | 15.6
Armour         | 4 5 6 7 8 9 10 11 12 | 12.7
Long Blades    | 3 4 5 6 8 10 12 14 15 16 17 | 17.9
Dodging        | 1 2 4 5 6 7 8 9 |  9.3
Stealth        | 1 |  1.5
Invocations    | 1 |  1.0
Unarmed Combat | |  0.1
Evocations     | |  0.3

Action                   |  1- 3 |  4- 6 |  7- 9 | 10-12 | 13-15 | 16-18 || total
-------------------------+-------+-------+-------+-------+-------+-------++-------
Melee: Long sword        |    74 |   204 |   526 |    59 |   114 |       ||   977
       Headbutt          |    11 |    34 |   117 |   152 |   403 |   123 ||   840
       Unarmed           |     4 |       |       |       |       |       ||     4
       Scimitar          |       |       |       |   242 |    36 |   360 ||   638
       Demon blade       |       |       |       |   324 |  1426 |   137 ||  1887
Invok: Heroism           |       |     1 |     4 |     2 |     9 |       ||    16
Evoke: Wand              |       |       |       |       |     3 |       ||     3
  Use: Scroll            |       |       |       |    11 |    19 |       ||    30
       Potion            |       |       |       |       |     3 |       ||     3
  Eat: Chunk             |       |     2 |    11 |    18 |    32 |    14 ||    77
       Ration            |       |     1 |     1 |       |     2 |       ||     4
Armor: Scale mail        |    24 |     7 |       |       |       |       ||    31
       Skin              |     1 |       |       |       |       |       ||     1
       Plate armour      |       |   157 |   133 |       |       |       ||   290
       Ring mail         |       |       |   102 |    21 |       |       ||   123
       Chain mail        |       |       |       |   243 |   587 |   192 ||  1022
       Gold dragon scale |       |       |       |       |       |    89 ||    89
Dodge: Dodged            |    16 |    39 |   153 |   183 |   417 |   148 ||   956
Block: Shield            |    45 |   142 |   324 |   353 |   407 |       ||  1271
       Large shield      |       |       |       |       |  1153 |   621 ||  1774
       Rpst.: Long sword |     7 |     7 |    34 |     2 |     9 |       ||    59
       Scimitar          |       |       |       |    15 |     1 |    19 ||    35
       Demon blade       |       |       |       |    32 |    92 |     4 ||   128

Table legend:
 A = Non-vault XP
 B = Vault XP
 C = Vault XP percentage of total XP
 D = Non-vault monster count
 E = Vault monster count
 F = Vault count percentage of total count
                 A         B        C        D         E       F
            +---------+---------+-------+---------+---------+-------
      Total |  140288 |   55973 |  28.5 |     744 |     285 |  27.7
            +---------+---------+-------+---------+---------+-------
        D:1 |      37 |       0 |   0.0 |      23 |       0 |   0.0
        D:2 |      56 |      37 |  39.8 |      23 |       1 |   4.2
        D:3 |      99 |       0 |   0.0 |      34 |       0 |   0.0
        D:4 |     372 |     722 |  66.0 |      16 |      53 |  76.8
        D:5 |     328 |       0 |   0.0 |      20 |       0 |   0.0
        D:6 |    1015 |       0 |   0.0 |      25 |       0 |   0.0
        D:7 |     639 |       0 |   0.0 |      23 |       0 |   0.0
        D:8 |    3718 |    1204 |  24.5 |      52 |      10 |  16.1
        D:9 |    2728 |       0 |   0.0 |      19 |       0 |   0.0
       D:10 |    3823 |    2033 |  34.7 |      33 |       5 |  13.2
       D:11 |    5059 |    1830 |  26.6 |      25 |      13 |  34.2
       D:12 |    6183 |     457 |   6.9 |      37 |       1 |   2.6
       D:13 |    4654 |    3249 |  41.1 |      28 |      17 |  37.8
       D:14 |    5224 |    2995 |  36.4 |      26 |       7 |  21.2
       D:15 |   12487 |    3490 |  21.8 |      32 |       5 |  13.5
     Lair:1 |   10268 |       0 |   0.0 |      46 |       0 |   0.0
     Lair:2 |    3483 |     338 |   8.8 |      17 |       1 |   5.6
     Lair:3 |   14056 |    2089 |  12.9 |      45 |       8 |  15.1
     Lair:4 |    7132 |    4435 |  38.3 |      30 |      15 |  33.3
     Lair:5 |    5005 |       0 |   0.0 |      19 |       0 |   0.0
     Lair:6 |   19890 |   13392 |  40.2 |      46 |      51 |  52.6
    Swamp:1 |   14585 |    1395 |   8.7 |      36 |       4 |  10.0
    Swamp:2 |    8872 |    1549 |  14.9 |      24 |       8 |  25.0
    Swamp:3 |    3199 |       0 |   0.0 |       5 |       0 |   0.0
      Orc:1 |    3419 |    1742 |  33.8 |      35 |       1 |   2.8
      Orc:2 |    3957 |    8358 |  67.9 |      25 |      43 |  63.2
     Bailey |       0 |    2056 | 100.0 |       0 |      17 | 100.0
      IceCv |       0 |    4602 | 100.0 |       0 |      25 | 100.0
            +---------+---------+-------+---------+---------+-------
